 Dungeon Crawl Stone Soup version 0.26-a0-547-g695e311 (webtiles) character file.

Game seed: 18038613565287731398

688 B1Gdaddy5 the Skirmisher (level 7, -4/61 HPs)
             Began as a Ghoul Monk on Aug 20, 2020.
             Was a Believer of Dithmenos.
             Killed by divine providence
             ... invoked by an orc priest
              (16 damage)
             ... on level 5 of the Dungeon.
             The game lasted 00:43:37 (4938 turns).

B1Gdaddy5 the Skirmisher (Ghoul Monk)               Turns: 4938, Time: 00:43:37

Health: -4/61      AC:  4    Str: 21    XL:     7   Next: 62%
Magic:  6/6        EV: 14    Int:  5    God:    Dithmenos [**....]
Gold:   179        SH:  0    Dex: 13    Spells: 6/6 levels left

rFire    . . .     SeeInvis .     - Unarmed
rCold    + . .     Faith    +   (no shield)
rNeg     + + +     Spirit   .   e - +0 robe
rPois    ∞         Reflect  .   (no helmet)
rElec    .         Harm     .   y - +0 cloak
rCorr    .                      (no gloves)
MR       +....                  A - +0 pair of boots
Stlth    ++++......             u - amulet of faith
HPRegen  0.00/turn              d - +6 ring of strength
MPRegen  0.10/turn              t - ring of protection from magic

@: hasted, wreathed by umbra, very quick
A: rotting body, claws 1, cold resistance 1, negative energy resistance 3,
inhibited regeneration, torment resistance, unbreathing
a: Shadow Step, Renounce Religion


You were on level 5 of the Dungeon.
You worshipped Dithmenos.
Dithmenos was pleased with you.
You visited 1 branch of the dungeon, and saw 5 of its levels.

You collected 179 gold pieces.

Inventory:

Hand Weapons
 q - a +3 quarterstaff of chaos
 s - a +1 short sword of protection
Missiles
 h - 38 sling bullets
 j - 6 curare-tipped darts (quivered)
Armour
 e - a +0 robe (worn)
 m - a +0 robe
 r - a +0 cloak
 y - a +0 cloak (worn)
 A - a +0 pair of boots (worn)
Jewellery
 d - a +6 ring of strength (left claw)
 t - a ring of protection from magic (right claw)
 u - an amulet of faith (around neck)
Wands
 k - a wand of enslavement (3)
Scrolls
 a - 2 scrolls of remove curse
 b - a scroll of teleportation {unknown}
 c - 2 scrolls of enchant armour {unknown}
 f - 3 scrolls of amnesia
 g - a scroll of random uselessness {unknown}
 i - 3 scrolls of immolation
 n - 2 scrolls of fear
 v - 2 scrolls of identify
Potions
 o - a potion of cancellation
 p - a potion of magic
 x - a potion of mutation {unknown}
 z - a potion of berserk rage {unknown}


   Skills:
 + Level 5.6 Fighting
 + Level 4.5 Dodging
 + Level 5.0 Stealth
 + Level 5.5 Unarmed Combat


You had 6 spell levels left.
You didn't know any spells.
Your spell library contained the following spells:

 Spells                   Type           Power        Failure   Level
 Apportation              Tloc           #.....       47%         1
 Confusing Touch          Hex            #.......     85%         3
 Gell's Gravitas          Tloc           #.........   85%         3
 Petrify                  Tmut/Erth      #.......     99%         4
 Metabolic Englaciation   Hex/Ice        #.........   100%        5
 Yara's Violent Unravell  Hex/Tmut       #.........   100%        5


Dungeon Overview and Level Annotations

Branches:
Dungeon (5/15)
 Temple: D:4-7

Altars:
Dithmenos


Innate Abilities, Weirdness & Mutations

Your body is rotting away.
You thrive by killing the living.
You are immune to poison.
You have sharp fingernails.
Your flesh is cold resistant. (rC+)
You are immune to negative energy. (rN+++)
You do not regenerate when monsters are visible.
You are immune to unholy pain and torment.
You can survive without breathing.


Message History

Beogh smites you!
* * * LOW HITPOINT WARNING * * *
The quokka skeleton barely misses you.
You feel better. The orc wizard misses you.
You barely miss the orc wizard.
The orc wizard is almost dead.
The orc wizard points at you and mumbles some strange words.
The magic dart hits you.
* * * LOW HITPOINT WARNING * * *
The orc wizard hits you with a +0 dagger.
* * * LOW HITPOINT WARNING * * *
The orc priest closely misses you.
The quokka skeleton bites you but does no damage.
The orc wizard gestures at you while chanting.
The magic dart hits you.
* * * LOW HITPOINT WARNING * * *
The quokka skeleton barely misses you.
The orc priest invokes the aid of Beogh against you.
Beogh smites you!
You die...

.....#....#.##...........#..
...............####......
.........................
.....##..................
.....................#
.....###.#...........#
......#..............######
....#.#...#.......o........
....#...........@..Z.......
....##.............oo......
...........................
..........#####..s.########
..........# #......#
.........## #......#
.........# .........
..#...#..# ...........
..#...##.# ..........?.


You could see an orc priest, 2 orc wizards, a giant cockroach and a quokka
skeleton.

Vanquished Creatures
  A phantom (D:4)
  3 ogres (D:4)
  An orc priest (D:4)
  2 hounds (D:4)
  Crazy Yiuf (D:2)
  Jessica (D:2)
  A worker ant (D:4)
  7 adders
  A shadow imp (D:5)
  2 oozes (D:1)
  2 worms
  3 dart slugs
  3 leopard geckos
  8 orcs
  4 ball pythons (D:1)
  3 giant cockroaches
  10 goblins
  6 hobgoblins
  6 jackals (D:2)
  A quokka (D:2)
  10 bats
  5 frilled lizards
  A jackal skeleton (D:4)
  6 kobolds
  10 rats
98 creatures vanquished.

Vanquished Creatures (others)
  An orc (D:4)
1 creature vanquished.

Grand Total: 99 creatures vanquished

Notes
Turn   | Place    | Note
-------+----------+-------------------------------------------
     0 | D:1      | B1Gdaddy5 the Ghoul Monk began the quest for the Orb.
     0 | D:1      | Reached XP level 1. HP: 19/19 MP: 0/0
    40 | D:1      | Reached XP level 2. HP: 15/26 MP: 1/1
   365 | D:1      | Reached XP level 3. HP: 33/33 MP: 2/2
  1181 | D:2      | You fall into a shaft and drop 1 floor!
  1187 | D:3      | Reached XP level 4. HP: 26/40 MP: 3/3
  1558 | D:2      | Found a shadowy altar of Dithmenos.
  1567 | D:2      | Became a worshipper of Dithmenos the Shadowed
  1567 | D:2      | Reached * piety under Dithmenos
  1567 | D:2      | Reached ** piety under Dithmenos
  1675 | D:2      | Noticed Jessica
  1693 | D:2      | Killed Jessica
  1693 | D:2      | Reached XP level 5. HP: 22/46 MP: 4/4
  1845 | D:2      | Identified Jessica's Handbook of the Traveller
  2485 | D:2      | Found a runed translucent door.
  2486 | D:2      | Noticed Crazy Yiuf
  2493 | D:2      | Killed Crazy Yiuf
  3069 | D:3      | Found a faded altar of an unknown god.
  3133 | D:4      | Reached XP level 6. HP: 46/53 MP: 5/5
  3506 | D:4      | Noticed a phantom
  3507 | D:4      | Reached skill level 5 in Fighting
  3800 | D:4      | Killed a phantom
  3800 | D:4      | Reached skill level 5 in Unarmed Combat
  3800 | D:4      | Reached XP level 7. HP: 36/61 MP: 6/6
  4338 | D:4      | Reached skill level 5 in Stealth
  4641 | D:5      | Entered Level 5 of the Dungeon
  4938 | D:5      | Killed from afar by an orc priest

Illustrated notes

Levels and vault maps discovered:
D:1:      onia_arrival_pyramid, layout_loops_ring
D:2:      layout_loops_corners, nicolae_overflow_crystal_walls,
          palyth_stone_intersect, hex_tiny, kennysheep_jessica_study,
          uniq_crazy_yiuf_cottage
D:3:      layout_loops_ring, chequers_ecumenical_altar_simple_redux
D:4:      layout_cave_pools, minivault_27, minmay_pentomino_pile
D:5:      layout_basic, kennysheep_mini, nicolae_ru_great_annihilating_truth,
          minmay_fractal_squares_5, uniq_menkaure

Skill      XL: |  1  2  3  4  5  6  7 |
---------------+----------------------+-----
Dodging        | 3 4 |  4.5
Fighting       | 4 5 |  5.6
Unarmed Combat | 4 5 |  5.5
Stealth        | 3 4 5 |  5.0

Action                   |  1- 3 |  4- 6 |  7- 9 || total
-------------------------+-------+-------+-------++-------
Melee: Unarmed           |   107 |   183 |    53 ||   343
       Punch             |     4 |     5 |     1 ||    10
Throw: Dart              |       |     7 |       ||     7
Invok: Shadow Step       |       |     1 |       ||     1
Evoke: Wand              |       |       |     4 ||     4
  Use: Scroll            |       |     7 |     3 ||    10
       Potion            |       |       |     2 ||     2
 Stab: Sleeping          |     4 |     6 |     1 ||    11
       Distracted        |       |     1 |       ||     1
Armor: Robe              |    17 |    21 |     4 ||    42
Dodge: Dodged            |    72 |   154 |    53 ||   279

Table legend: (Time is in decaauts)
 A = Elapsed time spent in this place.
 B = Non-inter-level travel time spent in this place.
 C = Inter-level travel time spent in this place.
 D = Time resting spent in this place.
 E = Time spent auto-exploring this place.
 F = Levels seen in this place.
 G = Mean time per level.
                   A        B        C        D        E       F      G
               +--------+--------+--------+--------+--------+-----+--------+
         Total |   4909 |   4744 |    165 |   1062 |   2262 |   5 |  981.8 |
       Dungeon |   4909 |   4744 |    165 |   1062 |   2262 |   5 |  981.8 |
               +--------+--------+--------+--------+--------+-----+--------+

Top non-repeatable levels by time:
     D:4: 1505 daAuts
     D:2: 1287 daAuts
     D:1: 1072 daAuts
     D:3: 750 daAuts
     D:5: 293 daAuts
